 Dungeon Crawl Stone Soup version 0.29.1-15-g9cfb28693d (webtiles) character file.

Game seed: 11019932422742863759

2 person50605 the Poker (level 1, -2/16 HPs)
             Began as a Demonspawn Gladiator on Mar 26, 2023.
             Slain by a kobold
             ... wielding a +0 short sword
              (4 damage)
             ... on level 2 of the Dungeon on Mar 27, 2023.
             The game lasted 00:03:28 (300 turns).

person50605 the Poker (Demonspawn Gladiator)         Turns: 300, Time: 00:03:29

Health: -2/16      AC:  4    Str: 14    XL:     1   Next: 33%
Magic:  1/1        EV: 12    Int:  9    God:
Gold:   51         SH:  0    Dex: 14    Spells: 0/0 levels left

rFire   . . .      SeeInvis .   a - +0 trident
rCold   . . .      Faith    .   (no shield)
rNeg    . . .      Spirit   .   b - +0 leather armour
rPois   .          Reflect  .   c - +0 helmet
rElec   .          Harm     .   (no cloak)
rCorr   .          Rampage  .   (no gloves)
Will    .....                   (no boots)
Stlth   +.........              (no amulet)
HPRegen 0.05/turn               (no ring)
MPRegen 0.07/turn               (no ring)

@: no status effects
A: no striking features
a: no special abilities


You were on level 2 of the Dungeon.
You visited 1 branch of the dungeon, and saw 2 of its levels.

You collected 51 gold pieces.

Inventory:

Hand Weapons
 a - a +0 trident (weapon)
Missiles
 d - 3 throwing nets (quivered)
 e - a javelin
 g - 7 stones
Armour
 b - a +0 leather armour (worn)
 c - a +0 helmet (worn)
Potions
 f - a potion of curing {unknown}


   Skills:
 + Level 2.0 Fighting
 + Level 2.9 Polearms
 + Level 1.7 Throwing
 + Level 2.6 Dodging


You couldn't memorise any spells.
You didn't know any spells.
Your spell library was empty.

Dungeon Overview and Level Annotations

Branches:
Dungeon (1/15)

Altars:


Message History

You reach to attack!
You completely miss the kobold. You completely miss the kobold.
The kobold hits you with a +0 whip.
You barely miss the kobold. The kobold hits you with a +0 whip.
You barely miss the kobold. The kobold hits you but does no damage.
You closely miss the kobold. The kobold hits you but does no damage.
You hit the kobold.
You kill the kobold!
Things that are here:
a +0 whip; a kobold corpse
Found 7 stones.
You see here 7 stones.
g - 7 stones A kobold comes into view. It is wielding a +0 short sword.
The kobold shouts!
An endoplasm comes into view.
The endoplasm quivers.
The kobold throws a stone.
The stone hits you but does no damage.
You barely miss the kobold.
The kobold hits you with a +0 short sword.
The endoplasm freezes you.
You are frozen.
The kobold hits you with a +0 short sword.
You closely miss the kobold. The kobold hits you but does no damage.
The endoplasm freezes you.
You are frozen.
* * * LOW HITPOINT WARNING * * *
You barely miss the endoplasm.
The endoplasm hits you but does no damage.
The kobold hits you with a +0 short sword.
* * * LOW HITPOINT WARNING * * *
You hit the endoplasm but do no damage. The kobold closely misses you.
The endoplasm freezes you.
You are frozen.
* * * LOW HITPOINT WARNING * * *
You hit the endoplasm but do no damage. The kobold misses you.
The endoplasm hits you but does no damage.
You puncture the endoplasm!
You kill the endoplasm!
The kobold hits you with a +0 short sword.
You die...

# #....##.########
#.##....##........#
#.............###.####
...........)#........#
####.######.##..
....## #. #.##.#
.....# ..
####.##.##....# ##.
#..........#.### ..
#.......#@.....# ##
#.......#K.#.#.#
#.......#..# ..
#......##... ...
#......##.... ##
#.............
###########.##. .# .#


You could see a kobold.

Vanquished Creatures
  An endoplasm (D:2)
  A goblin (D:1)
  A kobold (D:2)
3 creatures vanquished.

Notes
Turn   | Place    | Note
-------+----------+-------------------------------------------
     0 | D:1      | person50605 the Demonspawn Gladiator began the quest for
                  | the Orb.
     0 | D:1      | Reached XP level 1. HP: 16/16 MP: 1/1
   266 | D:1      | You fall into a shaft and drop 1 floor!
   300 | D:2      | Slain by a kobold

Illustrated notes

Levels and vault maps discovered:
D:1:      scummos_arrival_forest, layout_loops_corners
D:2:      minmay_angry_zag, layout_loops_cross,
          chequers_ecumenical_altar_island, kennysheep_nub,
          hangedman_decor_opposing

Action                   || total
-------------------------++-------
Melee: Trident           ||    13
Armor: Leather armour    ||     6
Dodge: Dodged            ||     2
